 Dungeon Crawl Stone Soup version 0.23.0 (webtiles) character file.

Game seed: 8655779022345324426

296 Flugkiller the Magician (level 6, 0/32 HPs)
             Began as a Kobold Wizard on Feb 11, 2019.
             Was an Initiate of Kikubaaqudgha.
             Slain by a hobgoblin
             ... wielding a +0 club
              (1 damage)
             ... on level 3 of the Dungeon.
             The game lasted 00:06:55 (5250 turns).

Flugkiller the Magician (Kobold Wizard)             Turns: 5250, Time: 00:06:55

Health: 0/32       AC:  3    Str:  5    XL:     6   Next: 62%
Magic:  3/13       EV: 15    Int: 21    God:    Kikubaaqudgha [......]
Gold:   132        SH:  0    Dex: 13    Spells: 4/15 levels left

rFire    . . .     SeeInvis .   i - +2 dagger (venom)
rCold    . . .     Gourm    .   (shield restricted)
rNeg     . . .     Faith    .   a - +0 robe
rPois    .         Spirit   .   b - +0 hat
rElec    .         Reflect  .   t - +0 cloak
rCorr    .         Harm     .   (no gloves)
MR       +....                  (no boots)
Stlth    ++........             (no amulet)
HPRegen  0.10/turn              l - ring of protection from magic
MPRegen  0.13/turn              (no ring)

@: lethally poisoned (0 -> -11)
A: small, carnivore
a: Renounce Religion


You were on level 3 of the Dungeon.
You worshipped Kikubaaqudgha.
Kikubaaqudgha was noncommittal.
You were very full.

You visited 1 branch of the dungeon, and saw 4 of its levels.

You collected 132 gold pieces.

Inventory:

Hand Weapons
 i - a +2 dagger of venom (weapon)
   (You took it off a goblin on level 2 of the Dungeon)
Armour
 a - a +0 robe (worn)
 b - a +0 hat (worn)
 t - a +0 cloak (worn)
   (You took it off Crazy Yiuf on level 3 of the Dungeon)
Jewellery
 l - a ring of protection from magic (left hand)
   (You found it on level 2 of the Dungeon)
 q - an uncursed ring of ice {unknown}
   (You found it on level 3 of the Dungeon)
Wands
 p - a wand of digging (4)
   (You took it off a gnoll on level 3 of the Dungeon)
Scrolls
 c - 4 scrolls of teleportation
 e - a scroll of magic mapping {unknown}
 f - a scroll of blinking {unknown}
 h - a scroll of fear {unknown}
 k - 5 scrolls of identify {unknown}
 o - a scroll of enchant weapon {unknown}
Potions
 g - 2 potions of degeneration {unknown}
 j - a potion of lignification {unknown}
 m - a potion of curing {unknown}
 n - 2 potions of ambrosia {unknown}
 r - 2 potions of agility {unknown}
 s - a potion of resistance {unknown}
 u - a potion of mutation {unknown}
Comestibles
 d - 6 rations


   Skills:
 - Level 2.4 Dodging
 - Level 2.6 Stealth
 + Level 5.0 Spellcasting
 + Level 3.8 Conjurations
 - Level 2.0 Summonings
 - Level 1.0 Translocations
 - Level 1.0 Fire Magic
 - Level 1.0 Air Magic
 - Level 1.0 Poison Magic


You had 4 spell levels left.
You knew the following spells:

 Your Spells              Type           Power        Failure   Level  Hunger
a - Magic Dart            Conj           ###.         2%          1    None
b - Call Imp              Summ           ##......     7%          2    None
c - Conjure Flame         Conj/Fire      ###.....     12%         3    ##.....
d - Mephitic Cloud        Conj/Pois/Air  ##......     14%         3    ##.....
r - Blink                 Tloc           N/A          11%         2    None

Your spell library contained the following spells:

 Spells                   Type           Power        Failure   Level  Hunger
 Slow                     Hex            #.......     16%         2    None


Dungeon Overview and Level Annotations

Branches:
Dungeon (4/15)
 Temple: D:4-7

Altars:
Gozag
Kikubaaqudgha


Innate Abilities, Weirdness & Mutations

You are small and have problems with some larger weapons.
You are carnivorous and can eat meat at any time.


Message History

The magic dart hits the worker ant.
The worker ant is heavily wounded. 2 orcs come into view.
An orc is wielding a +2 war axe of flaming.
The orc shouts!
The worker ant bites you.
The orc moves out of view.
The orc shouts!
Unknown command.
Press: ? - help, v - describe, . - travel
Here: an orc, wielding a +2 war axe of flaming The floor.
The orc completely misses you. The worker ant barely misses you.
There is a stone staircase leading up here.
The worker ant bites you.
You are poisoned.
The worker ant poisons you! The orc closely misses you.
You climb upwards.
You feel sick.
There is a stone staircase leading down here.
Unknown command.
Unknown command.
Casting: Magic Dart (safe; 2% risk of failure)
Confirm with . or Enter, or press ? or * to list all spells.
You blink.
You feel sick. The worker ant misses you.
A hobgoblin comes into view. It is wielding a +0 club.
You feel sick.
You feel sick. The worker ant barely misses you.
You feel sick.
You feel sick.
Casting: Blink (safe; 11% risk of failure)
Confirm with . or Enter, or press ? or * to list all spells.
You blink.
The hobgoblin shouts!
Unknown command.
The hobgoblin hits you with a +0 club!
* * * LOW HITPOINT WARNING * * *
The worker ant closely misses you.
You feel sick. The hobgoblin closely misses you.
The hobgoblin barely misses you.
There is an open door here.
Casting: Blink (safe; 11% risk of failure)
Confirm with . or Enter, or press ? or * to list all spells.
You blink.
The orc barely misses you. The worker ant bites you!
* * * LOW HITPOINT WARNING * * *
You are more poisoned.
The worker ant poisons you! The hobgoblin hits you with a +0 club.
You die...
Kikubaaqudgha rasps: "You have failed me!
Welcome... death!"

.#........#
#.#.# #.# #...#
.#........#
#.#.# #.# #...#
.#.>......#
#####'#.###.#
##'##
.##..(.####
#...........#
♣.♣♣ (''..(.#
#.....)####.#
♣♣.♣ .##....#
#......##...#
♣.♣♣ .#######
#######§###...#
♣♣.♣ .#
##<##..ga.##...#
♣♣)♣♣ ##
#...#..@o.'....#
♣♣...♣
#.♣.#.....##...#
♣....♣
#...#.....####.#
#....#
##.##.#####
#.####....#
#######.##.#
#........#.
##...##...#.#
#.......##.
#>.♣....♣...#
#########'####.
##...##...###
#...........##.
#######.##
#...........##.


You could see a worker ant, an orc and a hobgoblin.

Vanquished Creatures
  2 orc priests (D:2)
  A hound (D:3)
  Crazy Yiuf (D:3)
  2 worker ants
  A hound skeleton (D:4)
  3 gnolls (D:3)
  A worm (D:3)
  A leopard gecko (D:1)
  3 orcs
  7 goblins
  7 hobgoblins
  2 jackals (D:1)
  5 kobolds
  A quokka (D:3)
  A bat (D:1)
  3 frilled lizards
  A rat (D:3)
42 creatures vanquished.

Vanquished Creatures (collateral kills)
  Robin (D:2)
  4 gnolls
  An adder (D:2)
  An ooze (D:2)
  2 worms (D:2)
  2 leopard geckos (D:2)
  A ball python (D:2)
  2 bats (D:2)
  8 goblins (D:2)
  4 hobgoblins (D:2)
  4 kobolds (D:2)
  A rat (D:2)
31 creatures vanquished.

Grand Total: 73 creatures vanquished

Notes
Turn   | Place    | Note
-------+----------+-------------------------------------------
     0 | D:1      | Flugkiller the Kobold Wizard began the quest for the Orb.
     0 | D:1      | Reached XP level 1. HP: 10/10 MP: 4/4
   237 | D:1      | Reached XP level 2. HP: 15/15 MP: 0/6
  1258 | D:1      | Learned a level 2 spell: Blink
  1261 | D:1      | Learned a level 2 spell: Call Imp
  1285 | D:1      | Reached XP level 3. HP: 19/19 MP: 2/8
  1464 | D:2      | Reached skill level 4 in Spellcasting
  1526 | D:2      | Found an opulent altar of Gozag.
  1712 | D:2      | Found an ancient bone altar of Kikubaaqudgha.
  1815 | D:2      | Became a worshipper of Kikubaaqudgha
  1846 | D:2      | Reached XP level 4. HP: 24/24 MP: 5/10
  1896 | D:2      | Noticed Robin
  2086 | D:2      | Killed Robin
  2158 | D:2      | Learned a level 3 spell: Conjure Flame
  2162 | D:2      | Learned a level 3 spell: Mephitic Cloud
  2449 | D:2      | Reached XP level 5. HP: 28/28 MP: 2/11
  3378 | D:3      | Found a runed translucent door.
  3379 | D:3      | Noticed Crazy Yiuf
  3452 | D:3      | Reached skill level 1 in Air Magic
  3754 | D:3      | Reached skill level 1 in Fire Magic
  3754 | D:3      | Reached skill level 1 in Poison Magic
  4643 | D:3      | Killed Crazy Yiuf
  4643 | D:3      | Reached XP level 6. HP: 32/32 MP: 1/13
  5006 | D:4      | Reached skill level 5 in Spellcasting
  5250 | D:3      | HP: 1/32 [worker ant (8)]
  5250 | D:3      | Slain by a hobgoblin

Skill      XL: |  1  2  3  4  5  6 |
---------------+-------------------+-----
Conjurations   | 2 3 |  3.8
Spellcasting   | 4 5 |  5.0
Air Magic      | 1 |  1.0
Fire Magic     | 1 |  1.0
Poison Magic   | 1 |  1.0
Summonings     | 2 |  2.0
Dodging        | |  2.4
Stealth        | |  2.6
Translocations | |  1.0

Action                   |  1- 3 |  4- 6 || total
-------------------------+-------+-------++-------
Melee: Unarmed           |     1 |       ||     1
       Dagger            |       |    78 ||    78
 Cast: Magic Dart        |    42 |    38 ||    80
       Call Imp          |    23 |    13 ||    36
       Mephitic Cloud    |       |     5 ||     5
       Blink             |       |     5 ||     5
       Conjure Flame     |       |     2 ||     2
  Use: Scroll            |       |     1 ||     1
 Stab: Sleeping          |       |     2 ||     2
  Eat: Chunk             |    12 |    10 ||    22
Armor: Robe              |       |     6 ||     6
Dodge: Dodged            |    25 |    71 ||    96
